 Dungeon Crawl Stone Soup version 0.31-a0-925-g0a390f2509 (webtiles) character file.

Game seed: 1384335988518697840

135473 LisatheFox the Peltast (level 17, -3/137 HPs)
             Began as a Gnoll Chaos Knight on Oct 16, 2023.
             Was a High Priest of Cheibriados.
             Shot with a bolt by a naga sharpshooter (28 damage)
             ... on level 3 of the Snake Pit on Oct 18, 2023.
             The game lasted 01:29:01 (23713 turns).

LisatheFox the Peltast (Gnoll Chaos Knight)        Turns: 23713, Time: 01:29:02

Health: -3/137     AC:  0    Str: 29    XL:     17   Next: 19%
Magic:  7/29       EV: 28    Int: 28    God:    Cheibriados [*****.]
Gold:   1518       SH:  0    Dex: 28    Spells: 9/39 levels left

rFire   . . .        p - melded +7 sceptre of Torment {pain, torment}
rCold   . . .        G - melded +2 kite shield {reflect}
rNeg    . . .        b - melded +2 scale mail {rC+}
rPois   .            J - melded +1 helmet {SInv}
rElec   .            B - melded scarf of Death Resistance {harm, rPois rC++ rN+ Regen+}
rCorr   .            v - melded +0 pair of fencer's gloves {Riposte Dex+3}
SInv    .            (boots currently unavailable)
Will    +....        K - amulet of regeneration
Stlth   ++++++       k - melded ring "Xoxtepothe" {Fire rN+ Int+3 Dex+5}
HPRegen 1.22/turn    f - melded +5 ring of evasion
MPRegen 0.21/turn

%: no passive effects
@: pig-form, slowed, studying Shields, very slow
A: fast, no casting, small, (fangs 1), strong nose, distributed training,
(iridescent scales 2), low MP 1, (shaggy fur 1), wild magic 1, inability to read
after injury 1, (sturdy frame 1)
a: Renounce Religion, Bend Time, Temporal Distortion, Slouch, Step From Time


You were on level 3 of the Snake Pit.
You worshipped Cheibriados.
Cheibriados was extremely pleased with you.
You were a filthy swine.
You visited 5 branches of the dungeon, and saw 26 of its levels.
You also visited: Bailey and Ice Cave.

You collected 2828 gold pieces.
You spent 1310 gold pieces at shops.

Inventory:

Hand Weapons
 p - the +7 sceptre of Torment (melded) {pain, torment}
   (You found it on level 3 of the Dungeon)
 H - a +4 morningstar of holy wrath
Missiles
 F - a throwing net
Armour
 b - a +2 scale mail of cold resistance (melded)
 v - the +0 pair of fencer's gloves (melded) {Riposte Dex+3}
   (You bought it in a shop on level 2 of the Orcish Mines)

   Riposte:   It allows the wearer to riposte with melee weapons, swiftly
   retaliating against missed or blocked melee attacks.
   Dex+3:     It affects your dexterity (+3).
 B - the scarf of Death Resistance (melded) {harm, rPois rC++ rN+ Regen+}
   (You acquired it in a bailey)

   rC++:      It greatly protects you from cold.
   rPois:     It protects you from poison rN+: It protects you from negative
   energy.
   Regen+:    It increases your rate of health regeneration.
 G - a +2 kite shield of reflection (melded)
 J - a +1 helmet of see invisible (melded)
Jewellery
 f - a +5 ring of evasion (melded)
 k - the ring "Xoxtepothe" (melded) {Fire rN+ Int+3 Dex+5}
   (You found it on level 2 of the Dungeon)

   [ring of fire]

   Fire:      It enhances your fire magic.
   Int+3:     It affects your intelligence (+3).
   Dex+5:     It affects your dexterity (+5).
   rF+:       It protects you from fire.
   rC-:       It makes you vulnerable to cold.
   rN+:       It protects you from negative energy.
 l - a ring of flight
 o - a ring of resist corrosion
 K - an amulet of regeneration (around neck)
Wands
 a - a wand of charming (26)
 x - a wand of iceblast (16) (quivered)
 z - a wand of acid (6)
 A - a wand of mindburst (6)
Scrolls
 c - a scroll of butterflies
 m - 4 scrolls of identify
 n - 4 scrolls of teleportation
 r - a scroll of revelation
 s - 3 scrolls of amnesia
 t - 3 scrolls of fog
 u - 3 scrolls of blinking
Potions
 d - 2 potions of might
 e - 4 potions of cancellation
 g - a potion of resistance
 h - 2 potions of berserk rage
 i - 3 potions of heal wounds
 j - 5 potions of brilliance
 q - 8 potions of curing
 w - 4 potions of enlightenment
 C - 2 potions of ambrosia
 D - a potion of mutation
Miscellaneous
 E - a sack of spiders (inert)


   Skills:
 + Level 13.3 Fighting
 + Level 11.7 Short Blades
 + Level 13.3 Long Blades
 + Level 11.7 Axes
 + Level 11.7 Maces & Flails
 + Level 11.7 Polearms
 + Level 11.7 Staves
 + Level 11.7 Ranged Weapons
 + Level 11.7 Throwing
 + Level 12.5 Armour
 + Level 12.0 Dodging
 + Level 11.7 Stealth
 + Level 15.1 Shields
 + Level 11.7 Unarmed Combat
 + Level 11.7 Spellcasting
 + Level 9.8 Conjurations
 + Level 9.8 Hexes
 + Level 9.8 Summonings
 + Level 9.8 Necromancy
 + Level 9.8 Translocations
 + Level 9.8 Transmutations
 + Level 9.8 Fire Magic
 + Level 9.8 Ice Magic
 + Level 9.8 Air Magic
 + Level 9.8 Earth Magic
 + Level 9.8 Poison Magic
 + Level 12.7 Invocations
 + Level 11.7 Evocations
 + Level 10.7 Shapeshifting


You had 9 spell levels left.
You knew the following spells:

 Your Spells              Type           Power      Damage    Failure   Level
a - Blink                 Tloc           100%       N/A       1%          2
b - Manifold Assault      Tloc           75%        N/A       1%          4
c - Foxfire               Conj/Fire      100%       2x1d9     1%          1
d - Plasma Beam           Fire/Air       37%        2x1d51    13%         6
f - Ozocubu's Armour      Ice            75%        N/A       1%          3
g - Summon Forest         Summ/Tloc      37%        N/A       3%          5
h - Dispel Undead         Necr           75%        3d25      1%          4
i - Summon Mana Viper     Hex/Summ       75%        N/A       3%          5

Your spell library contained the following spells:

 Spells                   Type           Power      Damage    Failure   Level
 Kiss of Death            Conj/Necr      100%       2d13      1%          1
 Slow                     Hex            100%       N/A       1%          1
 Summon Small Mammal      Summ           100%       N/A       1%          1
 Ensorcelled Hibernation  Hex/Ice        100%       N/A       1%          2
 Passwall                 Tmut/Erth      62%        N/A       1%          2
 Sublimation of Blood     Necr           75%        N/A       1%          2
 Wereblood                Tmut           75%        N/A       1%          2
 Confusing Touch          Hex            75%        N/A       1%          3
 Sigil of Binding         Hex            75%        N/A       1%          3
 Swiftness                Air            75%        N/A       1%          3
 Vampiric Draining        Necr           75%        2d11      1%          3
 Summon Lightning Spire   Summ/Air       75%        N/A       1%          4
 Irradiate                Conj/Tmut      37%        3d24      3%          5
 Metabolic Englaciation   Hex/Ice        37%        N/A       3%          5
 Dispersal                Tloc           37%        N/A       13%         6
 Eringya's Noxious Bog    Tmut/Pois      37%        4d6       13%         6
 Simulacrum               Ice/Necr       37%        N/A       13%         6
 Starburst                Conj/Fire      37%        6d11      13%         6
 Summon Cactus Giant      Summ           37%        N/A       13%         6
 Haunt                    Necr/Summ      37%        N/A       54%         7
 Summon Hydra             Summ           37%        N/A       54%         7
 Disjunction              Tloc           37%        N/A       99%         8


Dungeon Overview and Level Annotations

Branches:
Dungeon (15/15)            Temple (1/1) D:4            Lair (5/5) D:11
 Shoals (0/4) Lair:3        Snake (3/4) Lair:3        Slime (0/5) Lair:5
    Orc (2/2) D:12            Elf (0/3) Orc:2        Vaults (0/5) D:14
 Depths (0/4) D:15         Bailey (visited)           IceCv (visited)

Altars:
Ashenzari
Cheibriados
Dithmenos
Elyvilon
Fedhas
Gozag
Hepliaklqana
Kikubaaqudgha
Makhleb
Nemelex Xobeh
Okawaru
Qazlal
Ru
Sif Muna
Trog
Uskayaw
Vehumet
Wu Jian
Xom
Yredelemnul
Zin
The Shining One
Jiyva

Shops:
D:7 *   D:10 (   D:11 (   Orc:2 [([[[   Snake:1 [?   Snake:3 ?

Annotations:
D:3 2 transporters, Syrassil's ghost, amateur MiGl
D:11 2 transporters
Snake:3 Kirke


Innate Abilities, Weirdness & Mutations

You are a filthy swine.
You move quickly.
Your equipment is almost entirely melded.
You are incapable of wielding weapons or throwing items.
You cannot cast spells.
((You have very sharp teeth.))
Your uncanny sense of smell can sniff out nearby items.
Your experience applies equally to all skills.
((You are mostly covered in iridescent scales. (AC +4)))
Your magical capacity is low. (-10% MP)
((You are covered in fur. (AC +1)))
Your spells are a little harder to cast, but a little more powerful.
You occasionally lose the ability to read scrolls when taking damage.
((Your movements are slightly less encumbered by armour. (ER -2)))


Message History

The +0 pair of fencer's gloves {Riposte Dex+3} melds into your body.
Your +2 kite shield of reflection melds into your body.
Your +2 scale mail of cold resistance melds into your body.
The ring "Xoxtepothe" {Fire rN+ Int+3 Dex+5} melds into your body.
Your +5 ring of evasion melds into your body.
You feel less perceptive.
You feel less resistant to cold.
Unknown command.
You feel sick.
You are no longer poisoned.
The naga sharpshooter shoots a bolt.
The bolt misses you.
Kirke points at you and mumbles some strange words.
You resist with significant effort.
The naga sharpshooter shoots a bolt.
The bolt hits you!!
* * * LOW HITPOINT WARNING * * *
A hog comes into view.
Okay, then.
As you read the scroll of fear, it crumbles to dust.
You assume a fearsome visage.
Kirke resists with some effort.
The hog looks frightened! x3; The naga sharpshooter looks frightened!
A naga sharpshooter comes into view. It is wielding a +0 scimitar.
Unknown command.
Kirke casts a spell at you.
You feel yourself slow down.
A hog comes into view.
Unknown command.
You enter the shallow water.
Moving in this stuff is going to be slow.
Kirke points at you and mumbles some strange words.
You resist with significant effort.
The naga sharpshooter unwields a +0 scimitar.
The naga sharpshooter wields a +0 arbalest.
The naga sharpshooter shoots a bolt.
The bolt hits you!!
* * * LOW HITPOINT WARNING * * *
The hog squeals angrily.
You hear an angry hiss.
Kirke mumbles some strange words.
Kirke flickers and vanishes!
Deactivating autopickup; reactivate with Ctrl-A.
The naga sharpshooter shoots a bolt.
The bolt hits you!!
You die...

#.........
#^)......#
#........#
#).......#
#).......#
#........#
#~)).....#
#~h......#
#)~......#
#....<...#
#†..h.(..#
#..{.....#
#.......$|
#........#
#.∩N.....#
#.....)..#


You could see a naga sharpshooter and a hog.

Vanquished Creatures
  Bai Suzhen (Snake:3)
  Vashnia (Snake:2)
  Rupert (D:12)
  Gastronok (Lair:1)
  Donald (Snake:2)
  An ironbound preserver (D:14)
  A reaper (IceCv)
  The ghost of oufanbear the Cleaver, a journeyman MiBe of Trog (Lair:2)
  Nessos (D:13)
  A salamander tyrant (Snake:2)
  6 hydras
  A catoblepas (D:14)
  5 boulder beetles
  5 centaur warriors
  4 anacondas
  8 death yaks
  3 tengu warriors
  4 two-headed ogres
  5 naga warriors
  Urug (Lair:3)
  An orc high priest (Orc:2)
  5 shock serpents
  12 naga sharpshooters
  A salamander mystic (Snake:2)
  6 skeletal warriors
  3 skysharks
  11 orc knights
  4 naga ritualists (Snake:2)
  Pikel (D:8)
  3 mana vipers
  8 orc sorcerers
  A manticore (shapeshifter) (D:13)
  An oklob plant (Lair:5)
  4 manticores
  An ugly thing (D:11)
  A salamander (shapeshifter) (D:13)
  7 salamanders
  5 cyclopes
  12 elephants
  11 slime creatures
  2 guardian serpents
  2 torpor snails
  20 black mambas
  10 naga magi
  20 cane toads
  Joseph (D:8)
  5 gargoyles
  2 ice statues (IceCv)
  2 efreet
  4 ice devils (IceCv)
  3 kobold demonologists
  4 guardian mummies (D:13)
  6 rime drakes
  An anaconda simulacrum (IceCv)
  11 komodo dragons
  6 trolls
  3 polar bears (Lair:5)
  A tarantella (shapeshifter) (D:14)
  2 hornets
  16 blink frogs
  5 saltlings (Orc:2)
  A tyrant leech (Lair:5)
  10 dream sheep
  A vampire (D:14)
  A shadow (D:12)
  2 wraiths
  3 wyverns
  28 yaks
  2 steam dragons
  3 basilisks
  8 vampire mosquitoes
  A catoblepas simulacrum (Lair:2)
  4 wargs
  13 water moccasins
  A harpy simulacrum (IceCv)
  23 nagas
  2 hydra simulacra (IceCv)
  3 acid dragons
  2 ice beasts
  24 orc warriors
  An ice beast (shapeshifter) (D:13)
  7 ogres
  A sky beast (D:7)
  4 black bears
  5 boggarts (D:15)
  4 wolves (Lair:4)
  15 centaurs
  4 phantoms
  6 kobold brigands
  17 bullfrogs
  2 cane toad simulacra
  3 scorpions
  A two-headed ogre simulacrum (IceCv)
  7 wights
  2 elephant simulacra (IceCv)
  A dream sheep simulacrum (Lair:2)
  2 troll zombies (D:12)
  4 killer bees (D:10)
  4 electric eels
  3 howler monkeys
  3 komodo dragon simulacra (Lair:2)
  5 jellies
  A wyvern simulacrum (Lair:2)
  3 hounds (D:5)
  2 gnoll boudas
  13 orc priests
  A sleepcap (D:8)
  Jessica (D:2)
  Terence (D:2)
  4 iguanas
  17 orc wizards
  3 spriggan simulacra (IceCv)
  5 troll simulacra (IceCv)
  Ijyb (D:3)
  A polar bear simulacrum (IceCv)
  2 wolf simulacra (IceCv)
  4 ogre zombies (D:12)
  4 mummies (D:13)
  Robin (D:2)
  10 adders
  14 gnolls
  2 naga simulacra (IceCv)
  A shadow imp (D:7)
  A white imp (IceCv)
  7 ufetubi
  3 worms
  3 dart slugs
  71 orcs
  4 endoplasms
  3 giant cockroaches
  5 gnoll zombies (D:12)
  10 hobgoblins
  10 jackals
  6 quokkas
  7 ball pythons
  5 bats
  3 frilled lizards
  4 gnoll skeletons (D:12)
  13 goblins
  19 kobolds
  2 orc skeletons (D:12)
  8 orc zombies (D:12)
  3 rats
787 creatures vanquished.

Vanquished Creatures (collateral kills)
  2 salamanders
  13 foxfires
15 creatures vanquished.

Vanquished Creatures (others)
  A fire giant (D:15)
  1431 foxfires
1432 creatures vanquished.

Grand Total: 2234 creatures vanquished

Notes
Turn   | Place    | Note
-------+----------+-------------------------------------------
     0 | D:1      | LisatheFox the Gnoll Chaos Knight began the quest for the
                  | Orb.
     0 | D:1      | Reached XP level 1. HP: 23/23 MP: 1/1
   192 | D:1      | XOM: silly message
   197 | D:1      | Reached XP level 2. HP: 29/29 MP: 2/2
   516 | D:1      | XOM is BORED!
   516 | D:1      | XOM: silly message
   609 | D:1      | XOM: silly message
   612 | D:1      | Reached XP level 3. HP: 35/35 MP: 3/3
   693 | D:1      | Found a faded altar of an unknown god.
   877 | D:2      | Identified the ring "Xoxtepothe" {Fire rN+ Int+3 Dex+5}
   934 | D:2      | Noticed Terence
   946 | D:2      | Killed Terence
   947 | D:2      | Reached skill level 1 in Short Blades
   947 | D:2      | Reached skill level 1 in Axes
   947 | D:2      | Reached skill level 1 in Maces & Flails
   947 | D:2      | Reached skill level 1 in Polearms
   947 | D:2      | Reached skill level 1 in Staves
   947 | D:2      | Reached skill level 1 in Ranged Weapons
   947 | D:2      | Reached skill level 1 in Throwing
   947 | D:2      | Reached skill level 1 in Stealth
   947 | D:2      | Reached skill level 1 in Shields
   947 | D:2      | Reached skill level 1 in Unarmed Combat
   947 | D:2      | Reached skill level 1 in Spellcasting
   947 | D:2      | Reached skill level 1 in Invocations
   947 | D:2      | Reached skill level 1 in Evocations
   986 | D:2      | Reached XP level 4. HP: 41/41 MP: 5/5
  1008 | D:2      | Noticed Jessica
  1008 | D:2      | Noticed Robin
  1017 | D:2      | Reached skill level 1 in Shapeshifting
  1044 | D:2      | Killed Robin
  1045 | D:2      | Reached skill level 1 in Conjurations
  1045 | D:2      | Reached skill level 1 in Hexes
  1045 | D:2      | Reached skill level 1 in Summonings
  1045 | D:2      | Reached skill level 1 in Necromancy
  1045 | D:2      | Reached skill level 1 in Translocations
  1045 | D:2      | Reached skill level 1 in Transmutations
  1045 | D:2      | Reached skill level 1 in Fire Magic
  1045 | D:2      | Reached skill level 1 in Ice Magic
  1045 | D:2      | Reached skill level 1 in Air Magic
  1045 | D:2      | Reached skill level 1 in Earth Magic
  1045 | D:2      | Reached skill level 1 in Poison Magic
  1062 | D:2      | Killed Jessica
  1063 | D:2      | Reached XP level 5. HP: 30/47 MP: 5/7
  1284 | D:2      | XOM: divination: detect items
  1362 | D:2      | XOM: stat loss: -1 Dex (17/18)
  1549 | D:2      | Gained mutation: You expend magic power (3 MP) to
                  | strengthen your wands. [potion of mutation]
  1549 | D:2      | Gained mutation: You occasionally lose the ability to read
                  | scrolls when taking damage. [potion of mutation]
  1655 | D:3      | XOM: enchant monster (bad)
  1802 | D:3      | XOM: divination: detect creatures
  1819 | D:3      | Reached XP level 6. HP: 34/53 MP: 8/8
  1832 | D:3      | Reached skill level 5 in Armour
  1932 | D:3      | Noticed Ijyb
  1944 | D:3      | Killed Ijyb
  1945 | D:3      | Reached skill level 2 in Shields
  2035 | D:3      | Found the +7 sceptre of Torment {pain, torment}
  2051 | D:3      | Found a transporter.
  2078 | D:3      | Found a transporter.
  2082 | D:3      | Noticed Syrassil's ghost (amateur MiGl)
  2448 | D:4      | XOM: potion effect (invisibility)
  2451 | D:4      | XOM: silly message
  2509 | D:4      | XOM: silly message
  2632 | D:4      | Identified the +7 chain mail "Misolel" {Rampage}
  2777 | D:4      | Found a staircase to the Ecumenical Temple.
  2786 | Temple   | Entered the Ecumenical Temple
  2799 | Temple   | Fell from the grace of Xom
  2799 | Temple   | Became a worshipper of Cheibriados the Contemplative
  2940 | D:5      | Entered Level 5 of the Dungeon
  2953 | D:5      | Reached XP level 7. HP: 53/59 MP: 10/10
  3150 | D:5      | Reached * piety under Cheibriados
  3203 | D:5      | Reached XP level 8. HP: 54/67 MP: 12/12
  3268 | D:5      | Identified the +0 leather armour of Buoschenu {rF+++ Will++
                  | Slay-4 Stlth-}
  3361 | D:5      | Reached skill level 3 in Shields
  3416 | D:5      | XOM: summons 2 hostile shadow creatures
  3613 | D:5      | Found a radiant altar of Vehumet.
  3783 | D:6      | Found a hazy altar of Hepliaklqana.
  3784 | D:6      | Found a shimmering altar of Xom.
  3785 | D:6      | Noticed a spectral ugly thing
  3862 | D:6      | Noticed a hornet
  3862 | D:6      | Found the +6 shillelagh "Devastator" {shatter}
  3873 | D:6      | Paralysed by a hornet for 3 turns
  3879 | D:6      | Killed a hornet
  4111 | D:6      | XOM: give mutations
  4111 | D:6      | Gained mutation: You are clumsy. (Dex -2) [Xom's mischief]
  4111 | D:6      | Lost mutation: You expend magic power (3 MP) to strengthen
                  | your wands. [Xom's mischief]
  4111 | D:6      | Gained mutation: Your movements are slightly less
                  | encumbered by armour. (ER -2) [Xom's mischief]
  4260 | D:6      | XOM: give mutations
  4260 | D:6      | Gained mutation: Your magical capacity is low. (-10% MP)
                  | [Xom's mischief]
  4260 | D:6      | Gained mutation: You are weak. (Str -2) [Xom's mischief]
  4279 | D:6      | XOM: 1-stop teleportation journey
  4446 | D:6      | XOM: give mutation
  4446 | D:6      | Lost mutation: You are clumsy. (Dex -2) [Xom's mischief]
  4610 | D:6      | Reached XP level 9. HP: 73/73 MP: 13/13
  4613 | D:6      | Reached ** piety under Cheibriados
  4614 | D:6      | Reached skill level 4 in Shields
  4742 | D:6      | XOM: give mutations
  4742 | D:6      | Gained mutation: Your spells are a little harder to cast,
                  | but a little more powerful. [Xom's grace]
  4742 | D:6      | Gained mutation: You are covered in fur. (AC +1) [Xom's
                  | grace]
  4742 | D:6      | Gained mutation: You are partially covered in iridescent
                  | scales. (AC +2) [Xom's grace]
  4742 | D:6      | Gained mutation: You are mostly covered in iridescent
                  | scales. (AC +4) [Xom's grace]
  5045 | D:7      | XOM: noise
  5286 | D:7      | Reached skill level 5 in Dodging
  5371 | D:7      | Found Awnei's Assorted Antiques.
  5397 | D:7      | Bought a scroll of identify for 62 gold pieces
  5397 | D:7      | Bought a murky emerald potion for 27 gold pieces
  5450 | D:7      | Noticed a hornet
  5453 | D:7      | Paralysed by a hornet for 1 turns
  5459 | D:7      | Killed a hornet
  5478 | D:7      | Found Awyxzum's Serpentskin Sales.
  5481 | D:7      | Reached skill level 5 in Invocations
  5675 | D:8      | Found a white marble altar of Elyvilon.
  5695 | D:8      | XOM: god gift: 2 javelins
  5747 | D:8      | Learned a level 2 spell: Blink
  5752 | D:8      | Learned a level 4 spell: Manifold Assault
  5766 | D:8      | Reached *** piety under Cheibriados
  5777 | D:8      | Found a blossoming altar of Fedhas.
  5808 | D:8      | Reached XP level 10. HP: 72/80 MP: 15/15
  5898 | D:8      | Reached skill level 5 in Short Blades
  5898 | D:8      | Reached skill level 5 in Axes
  5898 | D:8      | Reached skill level 5 in Maces & Flails
  5898 | D:8      | Reached skill level 5 in Polearms
  5898 | D:8      | Reached skill level 5 in Staves
  5898 | D:8      | Reached skill level 5 in Ranged Weapons
  5898 | D:8      | Reached skill level 5 in Throwing
  5898 | D:8      | Reached skill level 5 in Stealth
  5898 | D:8      | Reached skill level 5 in Shields
  5898 | D:8      | Reached skill level 5 in Unarmed Combat
  5898 | D:8      | Reached skill level 5 in Spellcasting
  5898 | D:8      | Reached skill level 5 in Evocations
  6060 | D:8      | Noticed Pikel
  6072 | D:8      | Killed Pikel
  6172 | D:8      | Noticed Joseph
  6177 | D:8      | XOM: cloud trail
  6193 | D:8      | Killed Joseph
  6194 | D:8      | Reached skill level 5 in Shapeshifting
  6464 | D:8      | XOM: noise
  6515 | Bailey   | Identified the "Qiqioptu"
  6537 | D:9      | Identified the +1 rapier "Newtslayer" {freeze, rCorr Str+7
                  | Int-4}
  6549 | D:9      | Found a burning altar of Makhleb.
  6581 | D:9      | XOM: noise
  6599 | D:9      | Found a flagged portal.
  6605 | Bailey   | XOM: noise
  6605 | Bailey   | Entered a bailey
  6638 | Bailey   | Reached **** piety under Cheibriados
  6852 | Bailey   | Learned a level 1 spell: Foxfire
  7136 | Bailey   | Reached XP level 11. HP: 77/87 MP: 16/17
  7219 | Bailey   | Reached skill level 6 in Shields
  7248 | Bailey   | Reached ***** piety under Cheibriados
  7249 | Bailey   | Reached skill level 5 in Conjurations
  7249 | Bailey   | Reached skill level 5 in Hexes
  7249 | Bailey   | Reached skill level 5 in Summonings
  7249 | Bailey   | Reached skill level 5 in Necromancy
  7249 | Bailey   | Reached skill level 5 in Translocations
  7249 | Bailey   | Reached skill level 5 in Transmutations
  7249 | Bailey   | Reached skill level 5 in Fire Magic
  7249 | Bailey   | Reached skill level 5 in Ice Magic
  7249 | Bailey   | Reached skill level 5 in Air Magic
  7249 | Bailey   | Reached skill level 5 in Earth Magic
  7249 | Bailey   | Reached skill level 5 in Poison Magic
  7298 | Bailey   | XOM: noise
  7377 | Bailey   | Acquired the scarf of Death Resistance {harm, rPois rC++
                  | rN+ Regen+}
  7714 | D:9      | Upgraded the game from 0.31-a0-889-g1a8549509d to
                  | 0.31-a0-925-g0a390f2509
  7736 | D:9      | XOM: cloud trail
  7964 | D:9      | XOM: noise
  8207 | D:10     | Entered Level 10 of the Dungeon
  8269 | D:10     | Found Iluninaxea's Antique Weapon Shop.
  8640 | D:10     | XOM: give mutation
  8640 | D:10     | Lost mutation: You are weak. (Str -2) [Xom's mischief]
  8933 | D:10     | XOM: draining
  8933 | D:10     | Was forgiven by Xom
  8952 | D:11     | Found a transporter.
  8956 | D:11     | Found a transporter.
  8956 | D:11     | Found a transporter.
  8962 | D:11     | Noticed a purple ugly thing
  8962 | D:11     | Found a transporter.
  9040 | D:11     | Reached skill level 7 in Shields
  9082 | D:11     | Killed a purple ugly thing
  9245 | D:11     | Noticed a cyclops
  9248 | D:11     | Killed a cyclops
  9295 | D:11     | Found Azxyu's Weapon Emporium.
  9416 | D:11     | Noticed a sixfirhy
  9453 | D:11     | Found a staircase to the Lair.
  9521 | Lair:1   | Entered Level 1 of the Lair of Beasts
  9527 | Lair:1   | Reached XP level 12. HP: 96/96 MP: 20/20
  9560 | Lair:1   | Found a frozen archway.
  9569 | IceCv    | Entered an ice cave
  9582 | IceCv    | Learned a level 6 spell: Plasma Beam
  9589 | IceCv    | Learned a level 6 spell: Starburst
  9663 | IceCv    | Reached skill level 8 in Shields
  9796 | IceCv    | Noticed a reaper
  9801 | IceCv    | Killed a reaper
  9921 | Lair:1   | Reached skill level 10 in Fighting
  9921 | Lair:1   | Reached skill level 10 in Long Blades
  9959 | Lair:1   | Noticed a death yak
  9965 | Lair:1   | Killed a death yak
 10077 | Lair:1   | Reached skill level 9 in Shields
 10264 | Lair:1   | Noticed Gastronok
 10287 | Lair:1   | Killed Gastronok
 10580 | Lair:1   | Reached XP level 13. HP: 104/104 MP: 22/22
 10935 | Lair:2   | Reached skill level 10 in Shields
 11335 | Lair:2   | Noticed oufanbear's ghost (journeyman MiBe)
 11406 | Lair:2   | Found a runed translucent gate.
 11407 | Lair:2   | Found a runed translucent gate.
 11409 | Lair:2   | Found a runed translucent gate.
 11433 | Lair:2   | You fall into a shaft and drop 2 floors!
 12089 | Lair:2   | Killed oufanbear's ghost
 12115 | Lair:2   | Got the ring of Peniq {Fire Will++ Str-4 SInv}
 12191 | Lair:3   | Learned a level 3 spell: Ozocubu's Armour
 12219 | Lair:3   | Reached skill level 10 in Armour
 12220 | Lair:3   | Noticed Urug
 12228 | Lair:3   | Killed Urug
 12235 | Lair:3   | Reached skill level 11 in Shields
 12339 | Lair:3   | Found a staircase to the Shoals.
 12414 | Lair:3   | Found a staircase to the Snake Pit.
 12807 | Lair:4   | Reached XP level 14. HP: 113/113 MP: 24/24
 13211 | Lair:4   | Reached skill level 10 in Invocations
 13630 | Lair:5   | Entered Level 5 of the Lair of Beasts
 13681 | Lair:5   | Found a viscous altar of Jiyva.
 13912 | Lair:5   | Found a staircase to the Slime Pits.
 14011 | Lair:5   | Reached ****** piety under Cheibriados
 14211 | Lair:5   | Reached skill level 12 in Shields
 14370 | Lair:5   | Reached skill level 10 in Dodging
 15023 | Lair:5   | Learned a level 6 spell: Simulacrum
 15648 | D:12     | Noticed Rupert
 15660 | D:12     | Killed Rupert
 15934 | D:12     | Found a staircase to the Orcish Mines.
 15944 | D:12     | Reached XP level 15. HP: 120/120 MP: 18/26
 16781 | D:13     | Identified the +6 hand axe "Wiuhepik" {spect, rN+ rCorr}
 16791 | D:13     | Noticed Nessos
 16797 | D:13     | Reached skill level 10 in Short Blades
 16797 | D:13     | Reached skill level 10 in Axes
 16797 | D:13     | Reached skill level 10 in Maces & Flails
 16797 | D:13     | Reached skill level 10 in Polearms
 16797 | D:13     | Reached skill level 10 in Staves
 16797 | D:13     | Reached skill level 10 in Ranged Weapons
 16797 | D:13     | Reached skill level 10 in Throwing
 16797 | D:13     | Reached skill level 10 in Stealth
 16797 | D:13     | Reached skill level 10 in Unarmed Combat
 16797 | D:13     | Reached skill level 10 in Spellcasting
 16797 | D:13     | Reached skill level 10 in Evocations
 16805 | D:13     | Killed Nessos
 17945 | D:14     | Found a gate to the Vaults.
 17948 | D:14     | Reached skill level 13 in Shields
 18111 | D:14     | Identified the +6 long sword "Waodif" {freeze, rPois rF+}
 18136 | D:14     | Found a broken altar of Ashenzari.
 18395 | D:15     | Entered Level 15 of the Dungeon
 18613 | D:15     | Noticed a fire giant
 18627 | D:15     | Killed a fire giant
 18758 | D:15     | Found a staircase to the Depths.
 18848 | D:15     | Learned a level 4 spell: Dispel Undead
 19178 | Orc:1    | Entered Level 1 of the Orcish Mines
 19703 | Orc:2    | Entered Level 2 of the Orcish Mines
 19820 | Orc:2    | Reached XP level 16. HP: 129/129 MP: 1/27
 20128 | Orc:2    | Found a staircase to the Elven Halls.
 20234 | Orc:2    | Found Orphaycki's Antique Armour Shoppe.
 20240 | Orc:2    | Bought a pair of glowing gloves for 217 gold pieces
 20240 | Orc:2    | Bought a pair of runed gloves for 217 gold pieces
 20367 | Orc:2    | Found Inacyoth's Weapon Shoppe.
 20368 | Orc:2    | Paralysed by an orc sorcerer for 3 turns
 20379 | Orc:2    | Reached skill level 10 in Shapeshifting
 20391 | Orc:2    | Found Taamaf's Armour Shoppe.
 20421 | Orc:2    | Bought the +0 pair of fencer's gloves {Riposte Dex+3} for
                  | 640 gold pieces
 20421 | Orc:2    | Found the +0 pair of fencer's gloves {Riposte Dex+3}
 20479 | Orc:2    | Found Lafesch's Armour Shoppe.
 20521 | Orc:2    | Found Xyulog's Antique Armour Boutique.
 20988 | Snake:1  | Entered Level 1 of the Snake Pit
 21005 | Snake:1  | Reached skill level 14 in Shields
 21422 | Snake:1  | Found Hajef's Magic Scroll Shop.
 21427 | Snake:1  | Found Emuaxofri's Armour Shop.
 21891 | Snake:2  | Noticed Vashnia
 22086 | D:11     | Bought a +0 morningstar of holy wrath for 147 gold pieces
 22523 | Snake:2  | Killed Vashnia
 23025 | Snake:2  | Reached XP level 17. HP: 136/136 MP: 29/29
 23184 | Snake:2  | Learned a level 5 spell: Summon Forest
 23344 | Snake:2  | Learned a level 5 spell: Summon Mana Viper
 23423 | Snake:2  | Noticed Donald
 23430 | Snake:2  | Killed Donald
 23677 | Snake:3  | Noticed Bai Suzhen
 23677 | Snake:3  | Found Tuxzewn's Magic Scroll Shop.
 23682 | Snake:3  | Reached skill level 15 in Shields
 23692 | Snake:3  | Killed Bai Suzhen
 23705 | Snake:3  | Noticed Kirke
 23713 | Snake:3  | Shot with a bolt by a naga sharpshooter

Illustrated notes

Levels and vault maps discovered:
D:1:      dpeg_chamrin_arrival_tetris, layout_rooms,
          ebering_ecumenical_altar_hall, serial_forest,
          infiniplex_forest_lined_4_way, infiniplex_forest_clump_C,
          infiniplex_forest_clump_cross, infiniplex_forest_clump_small,
          infiniplex_forest_straight_2, infiniplex_forest_lined_1,
          infiniplex_forest_lined_ring, infiniplex_forest_clump_curved,
          st_stairs_12
D:2:      layout_basic, serial_park_tiny_1, uniq_jessica, uniq_terence,
          uniq_robin
D:3:      cheibrodos_pilgrimage, layout_loops_cross, gammafunk_ghost_mausoleum,
          uniq_ijyb
D:4:      layout_rooms, minmay_temple_entry_arrows, minmay_misc_feat_pillars
D:5:      layout_loops_ring, nicolae_vehumet_altar_sigil
D:6:      layout_basic, regret_index_temple_of_mockery
D:7:      layout_basic, serial_glass, glass_columns_a, glass_columns_a,
          serial_shops, shop, minivault_22, guppyfry_shop_venom
D:8:      layout_loops_ring, lemuel_round_altar, amcnicky_altar_gilded,
          chequers_serial_rivers_micro_b, uniq_pikel, uniq_joseph
D:9:      layout_loops_ring, mainiacjoe_overflow_catwalk, enter_bailey_3
D:10:     layout_cave_pods, serial_shops, nicolae_shop_overgrown_old_shop
D:11:     layout_loops_cross, lair_entry_dummy, serial_shops,
          kennysheep_mini_moat, nicolae_diode_intersection
D:12:     layout_small_grid, zombieorc1_lemuel, uniq_rupert
D:13:     layout_basic, minmay_guarded_unrand_curses, uniq_nessos
D:14:     layout_roguey, skrybe_vaults_entry_preservation,
          evilmike_ruin_ashenzari, lemuel_flamethrower_3
D:15:     grunt_enter_depths_giant_problem, layout_rooms, serial_bayou_pond_e
Temple:   regret_index_temple_sphere_string
Lair:1:   layout_cave_shapes, portal_ice_cave_entry_pillars_1,
          eino_small_chamber_without_monster, infiniplex_staircase_pool_2,
          uniq_gastronok
Lair:2:   layout_small_grid, gammafunk_ghost_icy, gammafunk_lair_bear_cave
Lair:3:   layout_concentric_octagons, minmay_shoals_entry_centaurs,
          minmay_snake_entry_guardpost_small, lemuel_fruit_fields,
          grunt_megastairs_5, uniq_urug
Lair:4:   layout_regular_city, st_stairs_7, hangedman_lair_generics_rect
Lair:5:   minmay_lair_end_frog_pond, layout_regular_city,
          nicolae_slime_entry_field_trip
Snake:1:  layout_honeycomb, minmay_shop_star
Snake:2:  layout_chambers, uniq_vashnia, uniq_donald
Snake:3:  layout_gridlike, serial_shops, shop, basic_altar, st_stairs_14,
          uniq_kirke, uniq_bai_suzhen
Orc:1:    layout_diamond_mine
Orc:2:    hellmonk_orc_salted, layout_caves, serial_shops,
          nicolae_shop_back_alley_shop, nicolae_orc_lava_room

Skill      XL: |  1  2  3  4  5  6  7  8  9 10 11 12 13 14 15 16 17 |
---------------+----------------------------------------------------+-----
Short Blades   | 1 2 3 4 5 6 8 9 10 11 | 11.7
Axes           | 1 2 3 4 5 6 8 9 10 11 | 11.7
Maces & Flails | 1 2 3 4 5 6 8 9 10 11 | 11.7
Polearms       | 1 2 3 4 5 6 8 9 10 11 | 11.7
Staves         | 1 2 3 4 5 6 8 9 10 11 | 11.7
Ranged Weapons | 1 2 3 4 5 6 8 9 10 11 | 11.7
Throwing       | 1 2 3 4 5 6 8 9 10 11 | 11.7
Stealth        | 1 2 3 4 5 6 8 9 10 11 | 11.7
Shields        | 1 2 3 4 5 7 9 11 12 13 14 15 | 15.1
Unarmed Combat | 1 2 3 4 5 6 8 9 10 11 | 11.7
Spellcasting   | 1 2 3 4 5 6 8 9 10 11 | 11.7
Invocations    | 1 2 3 4 5 6 7 8 9 10 11 12 | 12.7
Evocations     | 1 2 3 4 5 6 8 9 10 11 | 11.7
Shapeshifting  | 1 2 3 4 5 6 7 8 9 10 | 10.7
Conjurations   | 1 2 3 4 5 6 7 8 9 |  9.8
Hexes          | 1 2 3 4 5 6 7 8 9 |  9.8
Summonings     | 1 2 3 4 5 6 7 8 9 |  9.8
Necromancy     | 1 2 3 4 5 6 7 8 9 |  9.8
Translocations | 1 2 3 4 5 6 7 8 9 |  9.8
Transmutations | 1 2 3 4 5 6 7 8 9 |  9.8
Fire Magic     | 1 2 3 4 5 6 7 8 9 |  9.8
Ice Magic      | 1 2 3 4 5 6 7 8 9 |  9.8
Air Magic      | 1 2 3 4 5 6 7 8 9 |  9.8
Earth Magic    | 1 2 3 4 5 6 7 8 9 |  9.8
Poison Magic   | 1 2 3 4 5 6 7 8 9 |  9.8
Dodging        | 3 4 5 6 7 8 9 10 11 12 | 12.0
Armour         | 5 6 7 8 9 10 11 12 | 12.5
Fighting       | 7 8 9 10 11 12 13 | 13.3
Long Blades    | 7 8 9 10 11 12 13 | 13.3

Action                     |  1- 3 |  4- 6 |  7- 9 | 10-12 | 13-15 | 16-18 || total
---------------------------+-------+-------+-------+-------+-------+-------++-------
  Melee: Falchion          |    55 |    43 |       |       |       |       ||    98
         Bite              |    15 |    27 |    13 |    40 |    95 |    35 ||   225
         Short sword       |    60 |   208 |       |       |       |       ||   268
         Punch             |       |     2 |       |       |       |       ||     2
         Eveningstar       |       |     5 |    99 |       |   284 |   185 ||   573
         Shillelagh        |       |       |    69 |   282 |   250 |       ||   601
         Morningstar       |       |       |       |       |       |    44 ||    44
   Cast: Foxfire           |       |       |       |   230 |   543 |    65 ||   838
         Plasma Beam       |       |       |       |       |    20 |     7 ||    27
         Ozocubu's Armour  |       |       |       |       |     1 |       ||     1
         Manifold Assault  |       |       |       |       |       |     8 ||     8
         Summon Forest     |       |       |       |       |       |     1 ||     1
 Invoke: Slouch            |       |       |       |     5 |    11 |     6 ||    22
  Evoke: Wand              |       |       |       |     8 |     4 |    10 ||    22
         Sack of spiders   |       |       |       |       |       |     1 ||     1
    Use: Scroll            |     3 |     7 |     6 |     9 |     7 |     8 ||    40
         Potion            |       |     2 |       |       |     1 |     2 ||     5
   Stab: Confused          |     3 |       |       |       |       |       ||     3
         Invisible         |       |     7 |       |       |       |       ||     7
         Sleeping          |       |       |     2 |     6 |     5 |     9 ||    22
         Distracted        |       |       |       |     5 |     3 |     1 ||     9
 Armour: Leather armour    |    49 |       |       |       |       |       ||    49
         Scale mail        |     1 |    79 |    93 |   179 |   277 |   106 ||   735
         Chain mail        |       |    13 |     5 |       |       |       ||    18
         Skin              |       |       |       |       |       |     3 ||     3
  Dodge: Dodged            |    96 |   142 |   201 |   387 |   559 |   202 ||  1587
  Block: Buckler           |       |       |       |       |    67 |       ||    67
         Kite shield       |       |       |       |       |   146 |   290 ||   436
         Reflection        |       |       |       |       |       |     6 ||     6
Riposte: Eveningstar       |       |       |       |       |       |    61 ||    61
         Morningstar       |       |       |       |       |       |     6 ||     6

Table legend: (Time is in decaauts)
 A = Elapsed time spent in this place.
 B = Non-inter-level travel time spent in this place.
 C = Inter-level travel time spent in this place.
 D = Time resting spent in this place.
 E = Time spent auto-exploring this place.
 F = Levels seen in this place.
 G = Mean time per level.
                   A        B        C        D        E       F      G
               +--------+--------+--------+--------+--------+-----+--------+
         Total |  35451 |  32872 |   2579 |     50 |  26059 |  28 | 1266.1 |
       Dungeon |  17515 |  16399 |   1116 |      4 |  13341 |  15 | 1167.7 |
        Temple |     30 |      4 |     26 |      0 |      0 |   1 |   30.0 |
          Lair |   9367 |   8393 |    974 |      0 |   6679 |   5 | 1873.4 |
     Snake Pit |   4172 |   3959 |    213 |     39 |   3259 |   3 | 1390.7 |
  Orcish Mines |   2608 |   2360 |    248 |      0 |   1959 |   2 | 1304.0 |
        Bailey |   1252 |   1252 |      0 |      5 |    650 |   1 | 1252.0 |
      Ice Cave |    505 |    505 |      0 |      2 |    170 |   1 |  505.0 |
               +--------+--------+--------+--------+--------+-----+--------+

Top non-repeatable levels by time:
  Lair:5: 2376 daAuts
 Snake:2: 2353 daAuts
  Lair:2: 2204 daAuts
    D:12: 2066 daAuts
  Lair:1: 1804 daAuts
 Snake:1: 1778 daAuts
     D:6: 1769 daAuts
  Lair:4: 1628 daAuts
    D:13: 1586 daAuts
     D:9: 1390 daAuts
  Lair:3: 1353 daAuts
   Orc:2: 1329 daAuts
    D:11: 1281 daAuts
   Orc:1: 1279 daAuts
     D:8: 1276 daAuts
